[Event "Titled Tuesday Blitz December 27 Early 2022"]
[White "Matinian, Nikita"]
[Black "Samsonkin, Artiom"]
[WhiteFideId "24129100"]
[BlackFideId "13503111"]
[WhiteElo "2407"]
[BlackElo "2420"]
[Result "0-1"]
[Round "11"]
[TimeControl "180+2"]
[Date "2022.12.27"]
[WhiteClock "0:00:01"]
[BlackClock "0:00:05"]

1. e4 c5 2. Nc3 Nc6 3. Bb5 Nd4 4. Nf3 e6 5. O-O a6 6. Bd3 Nc6 7. a3 d5 8. exd5 exd5 9. Re1+ Be7 10. b4 c4 11. Bf1 Nf6 12. d3 cxd3 13. Qxd3 O-O 14. Bg5 d4 15. Ne2 h6 16. Bh4 Nd5 17. Bxe7 Ndxe7 18. Nexd4 Bg4 19. h3 Bxf3 20. Nxf3 Qc7 21. c4 Rad8 22. Qc3 Ng6 23. g3 Rfe8 24. Rxe8+ Rxe8 25. Re1 Rxe1 26. Nxe1 Qd6 27. Qd3 Nd4 28. f4 Qf6 29. Bg2 b6 30. c5 bxc5 31. bxc5 h5 32. h4 Ne7 33. Qe4 Nef5 34. Kf2 Qg6 35. Qd3 Qe6 36. c6 Qa2+ 37. Kf1 Qe6 38. c7 Qc8 39. Qc3 Ne6 40. Bh3 Ne7 41. Bxe6 fxe6 42. Nf3 Nd5 43. Qc6 Nxc7 44. Ne5 Qd8 45. Qd7 Qb8 46. Qf7+ Kh8 47. Qxh5+ Kg8 48. Qf7+ Kh8 49. Kg2 Nd5 50. Kh3 Nf6 51. Qxe6 Qb1 52. Qc8+ Kh7 53. Kg2 Qb2+ 54. Kf3 Qb3+ 55. Ke2 Qa2+ 56. Ke3 Qxa3+ 57. Nd3 Qe7+ 58. Kf3 Qe4+ 59. Kf2 Qxd3 60. Qc1 Ne4+ 0-1


[Site "https://www.chess.com"]

[Event "Titled Tuesday Blitz December 27 Early 2022"]
[White "McBryde, Lamel"]
[Black "Lewtak, Damian"]
[WhiteFideId "2058596"]
[BlackFideId "1141724"]
[WhiteElo "1861"]
[BlackElo "2381"]
[Result "0-1"]
[Round "11"]
[TimeControl "180+2"]
[Date "2022.12.27"]
[WhiteClock "0:00:10"]
[BlackClock "0:00:11"]

1. Nf3 d5 2. b3 Nf6 3. Bb2 g6 4. d4 Bg7 5. e3 O-O 6. Bd3 c6 7. Nbd2 Bf5 8. Qe2 Nbd7 9. c4 Bxd3 10. Qxd3 e6 11. Ba3 Re8 12. Bd6 a5 13. a3 a4 14. b4 dxc4 15. Nxc4 Nd5 16. Bg3 N7b6 17. Nd6 Re7 18. e4 Nf6 19. e5 Ne8 20. Ne4 Rd7 21. Nc5 Rc7 22. h4 h5 23. Ng5 Re7 24. O-O Qd5 25. Rac1 Rd8 26. Rfd1 Bh6 27. Bf4 Bg7 28. Nge4 Rc7 29. Bg5 Ra8 30. Qf3 Bf8 31. Qf4 Nd7 32. Bh6 Be7 33. Bg5 Bf8 34. Bh6 Be7 35. Bg5 Bxc5 36. dxc5 Qb3 37. Bh6 Qxa3 38. Ng5 Nf8 39. Ne4 Nh7 40. Nf6+ Nhxf6 41. exf6 Qb2 42. Bg7 Nxg7 43. fxg7 Kxg7 44. Rc4 Rac8 45. Rcd4 a3 46. g4 hxg4 47. h5 Qc2 48. h6+ Kh7 49. Rd7 Qf5 50. Qxc7 Rxc7 51. Rxc7 Kxh6 52. Rd8 a2 53. Rh8+ Kg5 54. Ra8 Qb1+ 55. Kg2 a1=Q 56. Rxa1 Qxa1 57. Rxb7 Qd4 58. Rb6 Kf4 59. Rxc6 Qe4+ 60. Kf1 Qxc6 61. b5 Qxb5+ 62. Ke1 Qxc5 63. Kd2 Kf3 64. Kd3 Qd5+ 65. Kc3 Kxf2 66. Kb4 g3 67. Ka3 g2 68. Kb2 g1=Q 69. Ka3 Qc1+ 70. Ka4 Qdc6+ 71. Kb4 Qb1+ 72. Ka5 Qa8# 0-1


[Site "https://www.chess.com"]

[Event "Titled Tuesday Blitz December 27 Early 2022"]
[White "Melikhov, Evgeny V."]
[Black "Piesik, Piotr"]
[WhiteFideId "4122046"]
[BlackFideId "1136194"]
[WhiteElo "2269"]
[BlackElo "2426"]
[Result "1-0"]
[Round "11"]
[TimeControl "180+2"]
[Date "2022.12.27"]
[WhiteClock "0:01:00"]
[BlackClock "0:01:48"]

1. d4 c5 2. d5 e5 3. e4 d6 4. Bb5+ Nd7 5. a4 Be7 6. Nc3 Bg5 7. Nf3 Bxc1 8. Qxc1 Ne7 9. O-O O-O 10. h3 Ng6 11. Ne2 Nf6 12. Qe3 Nh5 13. Kh2 Nhf4 14. Nxf4 Nxf4 15. Ng1 f5 16. exf5 Bxf5 17. g3 Ng6 18. Bd3 Qf6 19. Bxf5 Qxf5 20. c4 Ne7 21. f4 Qc2+ 22. Qe2 Qxe2+ 23. Nxe2 exf4 24. Nxf4 Nf5 25. Ne6 Rf6 26. g4 Ne3 27. Rxf6 gxf6 28. b3 Kf7 29. Re1 Nc2 30. Re2 Nb4 31. Nc7 a6 32. Nxa8 1-0


[Site "https://www.chess.com"]

[Event "Titled Tuesday Blitz December 27 Early 2022"]
[White "Mendez Fortes, Eduardo Jesus"]
[Black "Sadovsky, Artem"]
[WhiteFideId "3502376"]
[BlackFideId "4155840"]
[WhiteElo "2250"]
[BlackElo "2276"]
[Result "0-1"]
[Round "11"]
[TimeControl "180+2"]
[Date "2022.12.27"]
[WhiteClock "0:00:46"]
[BlackClock "0:01:19"]

1. e4 g6 2. d4 Bg7 3. Nc3 c6 4. f4 d5 5. e5 h5 6. Nf3 Nh6 7. Bd3 Bg4 8. h3 Bxf3 9. Qxf3 e6 10. Be3 Nf5 11. Bf2 h4 12. O-O Nd7 13. Ne2 Bf8 14. b3 Ba3 15. c4 a5 16. Rab1 Qb6 17. c5 Qd8 18. Be1 Rh5 19. Qf2 Qe7 20. Bc3 Kf8 21. Qe1 Kg7 22. Bxa5 Bxc5 23. Bxf5 gxf5 24. Bc3 Bb6 25. Qd2 Rh6 26. Kh1 Rg6 27. Ng1 Kh8 28. Nf3 Rag8 29. Rf2 f6 30. Re2 fxe5 31. dxe5 Nc5 32. Ng5 Rxg5 33. fxg5 Ne4 34. Rxe4 fxe4 35. Rf1 Qxg5 36. Qe2 d4 37. Bb4 e3 38. Rg1 Qxe5 39. Be7 d3 40. Qf3 Qf5 0-1


[Site "https://www.chess.com"]

[Event "Titled Tuesday Blitz December 27 Early 2022"]
[White "Mitrovic, Darko R"]
[Black "Rosh Jain"]
[WhiteFideId "927023"]
[BlackFideId "25789465"]
[WhiteElo "2220"]
[BlackElo "2248"]
[Result "0-1"]
[Round "11"]
[TimeControl "180+2"]
[Date "2022.12.27"]
[WhiteClock "0:00:34"]
[BlackClock "0:00:29"]

1. d4 Nf6 2. Nf3 e6 3. g3 d5 4. Bg2 Be7 5. O-O O-O 6. b3 c5 7. dxc5 Bxc5 8. Bb2 Nc6 9. Nbd2 Re8 10. c4 d4 11. Ng5 e5 12. Nde4 Nxe4 13. Nxe4 Bb6 14. c5 Bc7 15. Rc1 Be6 16. h4 h6 17. Qd2 f5 18. Nd6 Bxd6 19. cxd6 Qxd6 20. e3 Rad8 21. exd4 Nxd4 22. Bxd4 exd4 23. Bxb7 Bd5 24. Bxd5+ Qxd5 25. Rfd1 d3 26. Rc3 Qf3 27. Re1 Rxe1+ 28. Qxe1 Qe2 29. Qf1 Qxf1+ 30. Kxf1 d2 31. Rf3 d1=Q+ 32. Kg2 Qe2 33. Rxf5 Qe4+ 34. Rf3 Rd3 35. h5 Qxf3+ 36. Kh2 Qxh5+ 37. Kg2 Qf3+ 38. Kh2 Rd1 39. g4 Rh1# 0-1


[Site "https://www.chess.com"]

[Event "Titled Tuesday Blitz December 27 Early 2022"]
[White "Mohammadian, Mohammad"]
[Black "Magallanes, Rey Jomar"]
[WhiteFideId "12566055"]
[BlackFideId "5205948"]
[WhiteElo "1398"]
[BlackElo "2052"]
[Result "0-1"]
[Round "11"]
[TimeControl "180+2"]
[Date "2022.12.27"]
[WhiteClock "0:00:37"]
[BlackClock "0:01:08"]

1. e4 c5 2. Nf3 d6 3. d4 cxd4 4. Nxd4 Nf6 5. Nc3 a6 6. Be2 e5 7. Nb3 Be6 8. Be3 Be7 9. O-O O-O 10. Qe1 Nbd7 11. Rd1 Qc7 12. f3 Rac8 13. Qf2 Nc5 14. Nxc5 dxc5 15. Rd2 Rfd8 16. Rfd1 h6 17. Rxd8+ Bxd8 18. Rd2 Be7 19. h3 b5 20. a3 Bd6 21. Qe1 c4 22. Qd1 Bc5 23. Bxc5 Qxc5+ 24. Kh2 Qc7 25. Nd5 Bxd5 26. exd5 e4+ 27. d6 Qd7 28. fxe4 Nxe4 29. Bg4 f5 30. Re2 fxg4 31. Rxe4 gxh3 32. gxh3 Rf8 33. Qd2 Rf6 34. Rd4 Rf3 35. Rh4 Qf7 36. d7 Rf2+ 37. Qxf2 Qxf2+ 38. Kh1 Qxh4 39. Kh2 Qd8 40. Kg2 Qxd7 41. Kf3 Qd2 42. Ke4 Qxc2+ 43. Kd5 Qxb2 44. Kd6 c3 45. Kc5 c2 46. Kb6 c1=Q 47. a4 bxa4+ 48. Kxa6 Qc6+ 49. Ka5 Qbb5# 0-1


[Site "https://www.chess.com"]

[Event "Titled Tuesday Blitz December 27 Early 2022"]
[White "Mohammed, Zozek Salah Mohammed"]
[Black "Graca, Robert"]
[WhiteFideId "4803361"]
[BlackFideId "644943"]
[WhiteElo "2210"]
[BlackElo "2270"]
[Result "1-0"]
[Round "11"]
[TimeControl "180+2"]
[Date "2022.12.27"]
[WhiteClock "0:00:08"]
[BlackClock "0:00:09"]

1. d4 Nf6 2. Nf3 c5 3. g3 cxd4 4. Nxd4 e5 5. Nb3 d5 6. Bg2 Nc6 7. O-O Be7 8. N1d2 O-O 9. e4 d4 10. c3 dxc3 11. bxc3 Be6 12. Re1 Rc8 13. Nf1 Nb8 14. Bb2 Na6 15. Ne3 Nc5 16. Nd5 Bxd5 17. exd5 Na4 18. Qd2 Bd6 19. Rac1 Nb6 20. Na5 Qd7 21. c4 Qa4 22. Bxe5 Bxe5 23. Rxe5 Nxc4 24. Nxc4 Rxc4 25. Rxc4 Qxc4 26. d6 Rd8 27. Bxb7 h6 28. Bf3 Qa6 29. Ra5 Qb6 30. Ra3 Rxd6 31. Qe3 Qb1+ 32. Kg2 a6 33. h4 Qf5 34. Rb3 Rd8 35. Rb6 Qa5 36. Rb7 Qxa2 37. Qe7 Rf8 38. Ra7 a5 39. Qc7 a4 40. Qc5 Qb3 41. Rb7 Qd3 42. Ra7 Ne4 43. Qe3 Qxe3 44. fxe3 Nc5 45. Rc7 Nb3 46. Ra7 Nc5 47. Bd5 Rd8 48. Bxf7+ Kh8 49. Ra5 Nb3 50. Rxa4 Nd2 51. Rd4 g5 52. Rxd8+ Kg7 53. Rxd2 Kxf7 54. Rf2+ Kg6 55. h5+ Kxh5 56. Kh3 Kg6 57. Kg2 Kh5 58. Kh2 Kg4 59. Kg2 h5 60. Rf6 h4 61. gxh4 Kxh4 62. Rf5 Kg4 63. Rf1 Kh4 64. e4 Kg4 65. e5 Kh5 66. e6 1-0


[Site "https://www.chess.com"]

[Event "Titled Tuesday Blitz December 27 Early 2022"]
[White "Novikova, Galina"]
[Black "Rose, Felix"]
[WhiteFideId "4157095"]
[BlackFideId "5105722"]
[WhiteElo "2073"]
[BlackElo "2091"]
[Result "1-0"]
[Round "11"]
[TimeControl "180+2"]
[Date "2022.12.27"]
[WhiteClock "0:00:37"]
[BlackClock "0:00:34"]

1. e4 e5 2. Nf3 Nc6 3. d4 exd4 4. Nxd4 Nf6 5. Nxc6 bxc6 6. Qe2 Bc5 7. Nc3 O-O 8. Bg5 h6 9. Bh4 Re8 10. O-O-O Bb4 11. Rd3 g5 12. Bg3 Bxc3 13. Rxc3 Rxe4 14. Qd1 Rb8 15. Bd3 Reb4 16. Rb3 d6 17. h4 Be6 18. Rxb4 Rxb4 19. hxg5 hxg5 20. Qd2 Rg4 21. Be2 Ne4 22. Qd4 Qf6 23. Qxf6 Nxf6 24. Bxg4 Bxg4 25. f3 Be6 26. Re1 Nd5 27. a3 a5 28. Re4 Nb6 29. b3 c5 30. a4 Nd5 31. Be1 Bf5 32. Re8+ Kg7 33. Bxa5 f6 34. Bd2 Kf7 35. Rb8 1-0


[Site "https://www.chess.com"]

[Event "Titled Tuesday Blitz December 27 Early 2022"]
[White "Omariev, Maksim"]
[Black "Vifleemskaia, Svetlana"]
[WhiteFideId "4193423"]
[BlackFideId "4129490"]
[WhiteElo "2304"]
[BlackElo "1971"]
[Result "0-1"]
[Round "11"]
[TimeControl "180+2"]
[Date "2022.12.27"]
[WhiteClock "0:00:02"]
[BlackClock "0:00:16"]

1. g4 d5 2. Bg2 c6 3. h3 e5 4. a3 Bd6 5. b4 a5 6. b5 h5 7. gxh5 Nf6 8. bxc6 bxc6 9. c4 Nxh5 10. d3 Be6 11. Qa4 Qd7 12. Nc3 Nf6 13. Bg5 d4 14. Bxf6 gxf6 15. Ne4 Be7 16. Nf3 Rg8 17. Rh2 c5 18. Qxd7+ Nxd7 19. Rb1 Rb8 20. Rxb8+ Nxb8 21. h4 f5 22. Neg5 Nd7 23. Nxe6 fxe6 24. Kd2 Kf7 25. Ne1 Nf6 26. Bf3 e4 27. Bh1 Ng4 28. Rg2 Bxh4 29. dxe4 Nxf2 30. Rxg8 Kxg8 31. Bg2 fxe4 32. Nc2 Kf7 33. Kc1 Kf6 34. Na1 a4 35. Nc2 Ke5 36. Kd2 e3+ 37. Kc1 Ne4 38. Ne1 Bxe1 39. Bf3 Bc3 40. Kc2 Nd2 41. Bg4 Nxc4 42. Bh5 Nxa3+ 43. Kd3 c4# 0-1


[Site "https://www.chess.com"]

[Event "Titled Tuesday Blitz December 27 Early 2022"]
[White "Oparin, Grigoriy"]
[Black "Bok, Benjamin"]
[WhiteFideId "24125890"]
[BlackFideId "1017063"]
[WhiteElo "2667"]
[BlackElo "2607"]
[Result "1/2-1/2"]
[Round "11"]
[TimeControl "180+2"]
[Date "2022.12.27"]
[WhiteClock "0:00:08"]
[BlackClock "0:00:06"]

1. d4 Nf6 2. c4 e6 3. Nf3 d5 4. g3 Bb4+ 5. Bd2 Be7 6. Bg2 O-O 7. O-O c6 8. Qc2 Nbd7 9. h4 b6 10. Nc3 dxc4 11. e4 Bb7 12. e5 Nd5 13. Ne4 h6 14. Qxc4 c5 15. Rfd1 Rc8 16. dxc5 Nxc5 17. Nxc5 Bxc5 18. Qg4 f5 19. exf6 Qxf6 20. Re1 Ne7 21. Bc3 Qg6 22. Qxg6 Nxg6 23. Rxe6 Bxf3 24. Bxf3 Rxf3 25. Rxg6 Rc7 26. Rf1 Rcf7 27. Be1 Kh7 28. Rg4 h5 29. Rg5 g6 30. Kg2 Bd4 31. b3 Bc3 32. Bxc3 Rxc3 33. Re5 Rc2 34. a4 Rb2 35. Re3 Kh6 36. Rd3 Rf5 37. Rd7 a5 38. Rd3 b5 39. axb5 Rxb5 40. Ra1 R2xb3 41. Rxb3 Rxb3 42. Rxa5 Rb6 43. Ra4 Rb2 44. Re4 Rc2 45. Re6 Ra2 46. Kf3 Ra3+ 47. Re3 Ra2 48. Re2 Ra3+ 49. Kg2 Kg7 50. f3 Kf6 51. Re4 Ra2+ 52. Kh3 Ra3 53. Rf4+ Kg7 54. g4 hxg4+ 55. Kxg4 Ra1 56. Rc4 Kh6 57. Rc6 Ra4+ 58. f4 Kg7 59. Re6 Ra5 60. Re5 Ra1 61. Rc5 Rg1+ 62. Kf3 Rh1 63. Kg3 Rg1+ 64. Kf3 Rh1 65. Kg3 Rg1+ 66. Kf2 Rh1 67. h5 Rxh5 68. Rxh5 gxh5 69. Kg3 Kf6 70. Kh4 Kf5 71. Kxh5 Kxf4 1/2-1/2


[Site "https://www.chess.com"]

[Event "Titled Tuesday Blitz December 27 Early 2022"]
[White "Ordekalog"]
[Black "Rustemov, Alexander"]
[BlackFideId "4119002"]
[WhiteElo "2826"]
[BlackElo "2525"]
[Result "1/2-1/2"]
[Round "11"]
[TimeControl "180+2"]
[Date "2022.12.27"]
[WhiteClock "0:00:05"]
[BlackClock "0:00:05"]

1. e4 e6 2. d4 d5 3. Nc3 dxe4 4. Nxe4 Bd7 5. Bd3 Bc6 6. Nf3 Nd7 7. Qe2 Ngf6 8. Nxf6+ Nxf6 9. c3 Bxf3 10. Qxf3 Qd5 11. Qh3 Qh5 12. Qg3 O-O-O 13. Bf4 Nd5 14. Be2 Qg6 15. O-O Qe4 16. Be3 Bd6 17. Qf3 Qxf3 18. Bxf3 c6 19. a3 Be7 20. Rad1 Rd7 21. Bc1 Rhd8 22. Rfe1 g6 23. h3 b5 24. Rd3 Kb7 25. Bd1 a5 26. Rf3 Bd6 27. a4 Nb6 28. axb5 cxb5 29. Be2 Kc6 30. Rg3 a4 31. Rg5 Nd5 32. c4 bxc4 33. Bxc4 f5 34. Rxe6 Re7 35. Rxe7 Nxe7 36. f4 Nd5 37. Rg3 Nxf4 38. Rc3 Kb6 39. Be3 Ka5 40. Bf1 Nd5 41. Bg5 Be7 42. Bxe7 Nxe7 43. Rc5+ Kb6 44. Rb5+ Kc7 45. Rc5+ Kd6 46. Ra5 Rb8 47. Rxa4 Rxb2 48. Bc4 Rb6 49. Ra5 Nc6 50. Rd5+ Ke7 51. Be2 Rb4 52. Rc5 Nxd4 53. Bf1 Kf6 54. Rc7 h5 55. Ra7 h4 56. Ra8 Kg5 57. Ra3 Rb2 58. g3 hxg3 59. Rxg3+ Kh5 60. Rd3 Ne6 61. Rf3 Kh4 62. Re3 Nf4 63. Rf3 g5 64. Ra3 Nh5 65. Ra8 Nf4 66. Ra3 Rd2 67. Rc3 Nh5 68. Rc8 f4 69. Rh8 g4 70. hxg4 Kxg4 71. Rg8+ Kf3 72. Bg2+ Ke3 73. Re8+ Kd4 74. Rd8+ Ke3 75. Rxd2 Kxd2 76. Kf2 Kd3 77. Kf3 Kd4 78. Bh3 Ke5 79. Bg4 Nf6 80. Bh3 Ne8 81. Bf1 Nd6 82. Ba6 Nf5 83. Bb7 Nd4+ 84. Kg4 Kd6 85. Kxf4 1/2-1/2


[Site "https://www.chess.com"]

[Event "Titled Tuesday Blitz December 27 Early 2022"]
[White "Orujov, Elshad"]
[Black "Szyszylo, Rafal"]
[WhiteFideId "13403540"]
[BlackFideId "1109626"]
[WhiteElo "2304"]
[BlackElo "2091"]
[Result "1-0"]
[Round "11"]
[TimeControl "180+2"]
[Date "2022.12.27"]
[WhiteClock "0:00:53"]
[BlackClock "0:00:04"]

1. e4 d6 2. d4 Nf6 3. Nc3 g6 4. Nf3 c6 5. Be2 Bg7 6. O-O O-O 7. Be3 Bg4 8. h3 Bxf3 9. Bxf3 Nbd7 10. Be2 e5 11. d5 cxd5 12. exd5 a6 13. a4 Rc8 14. a5 Ne8 15. Na4 f5 16. Nb6 Nxb6 17. Bxb6 Qg5 18. c4 Nf6 19. b4 f4 20. c5 e4 21. f3 Nd7 22. c6 bxc6 23. Bxa6 Nxb6 24. axb6 Bxa1 25. Bxc8 Rxc8 26. Qxa1 exf3 27. Rxf3 Qxd5 28. b7 Rf8 29. Rxf4 1-0


[Site "https://www.chess.com"]

[Event "Titled Tuesday Blitz December 27 Early 2022"]
[White "Ovchinnikov, Vsevolod"]
[Black "Tikhonov, Viacheslav"]
[WhiteFideId "24176842"]
[BlackFideId "44196407"]
[WhiteElo "2426"]
[BlackElo "2220"]
[Result "1-0"]
[Round "11"]
[TimeControl "180+2"]
[Date "2022.12.27"]
[WhiteClock "0:00:07"]
[BlackClock "0:01:10"]

1. d4 Nf6 2. c4 g6 3. Nc3 d5 4. Nf3 Bg7 5. h4 dxc4 6. e4 c5 7. d5 b5 8. h5 O-O 9. hxg6 hxg6 10. e5 Ng4 11. Nxb5 Qa5+ 12. Nc3 Nxe5 13. Nxe5 Bxe5 14. Qf3 Bf5 15. Bd2 Qb4 16. Nd1 Qb7 17. g4 Bd3 18. Bxd3 cxd3 19. Qh3 Rd8 20. Qh7+ Kf8 21. Bh6+ Ke8 22. Qg8+ Kd7 23. Qxf7 Kc8 24. Qe6+ Nd7 25. Rc1 Qb4+ 26. Kf1 Qe4 27. Rxc5+ Bc7 28. Rxc7+ Kxc7 29. Qxe4 Nc5 30. Bf4+ e5 31. Bxe5+ Kc8 32. Qc4 Kd7 33. Qxc5 Rac8 34. Rh7+ Ke8 35. Qe7# 1-0


[Site "https://www.chess.com"]

[Event "Titled Tuesday Blitz December 27 Early 2022"]
[White "Peatman, Carter"]
[Black "Musovic, Armin"]
[WhiteFideId "2096480"]
[BlackFideId "939935"]
[WhiteElo "1998"]
[BlackElo "2261"]
[Result "1-0"]
[Round "11"]
[TimeControl "180+2"]
[Date "2022.12.27"]
[WhiteClock "0:00:21"]
[BlackClock "0:01:26"]

1. d4 d6 2. Bf4 Nd7 3. e3 e5 4. Bg3 c6 5. Nf3 f6 6. c3 e4 7. Nfd2 d5 8. c4 f5 9. Nc3 Ngf6 10. Qb3 Nb6 11. a4 a5 12. cxd5 cxd5 13. Nb5 Bb4 14. Bc7 Qe7 15. Bxb6 O-O 16. Be2 f4 17. Rc1 fxe3 18. Qxe3 Bg4 19. Bc5 Bxc5 20. Rxc5 b6 21. Rc7 Qb4 22. O-O Bxe2 23. Qxe2 Qxa4 24. Nc3 Qxd4 25. Nb3 Qe5 26. Rb7 d4 27. Qb5 Rae8 28. Qxe5 Rxe5 29. Nxd4 Rd8 30. Nc6 Rde8 31. Nxe5 Rxe5 32. Rxb6 e3 33. fxe3 Ng4 1-0


[Site "https://www.chess.com"]

[Event "Titled Tuesday Blitz December 27 Early 2022"]
[White "Petrovic, Aleksa"]
[Black "Turzo, Attila"]
[WhiteFideId "967629"]
[BlackFideId "704954"]
[WhiteElo "2332"]
[BlackElo "2279"]
[Result "1-0"]
[Round "11"]
[TimeControl "180+2"]
[Date "2022.12.27"]
[WhiteClock "0:01:27"]
[BlackClock "0:00:04"]

1. d4 Nf6 2. c4 e6 3. Nf3 d5 4. Nc3 Bb4 5. Qa4+ Nc6 6. e3 O-O 7. Qc2 Qe7 8. a3 Bxc3+ 9. Qxc3 Rd8 10. b4 a5 11. b5 Nb8 12. a4 Ne4 13. Qa3 Qf6 14. Be2 b6 15. O-O Bb7 16. Bb2 Nd7 17. Rac1 c5 18. dxc5 Qe7 19. c6 Ndc5 20. cxb7 Qxb7 21. cxd5 Rxd5 22. Rfd1 Rad8 23. Rxd5 Rxd5 24. h3 g5 25. Rd1 h5 26. Nd4 Qd7 27. Qa1 e5 28. Nc6 Nd2 29. Nxe5 Qf5 30. Nf3 Ncb3 31. Qa3 Nc4 32. Qxb3 Rxd1+ 33. Bxd1 Nxb2 34. Qxb2 g4 35. hxg4 hxg4 36. Qe5 Qb1 37. Qg5+ Kh8 38. Qh4+ Kg8 39. Qxg4+ 1-0


[Site "https://www.chess.com"]

[Event "Titled Tuesday Blitz December 27 Early 2022"]
[White "Pinheiro, Iung Alicio de O."]
[Black "Jiganchine, Roman"]
[WhiteFideId "2104350"]
[BlackFideId "2603667"]
[WhiteElo "2306"]
[BlackElo "2205"]
[Result "1-0"]
[Round "11"]
[TimeControl "180+2"]
[Date "2022.12.27"]
[WhiteClock "0:00:41"]
[BlackClock "0:00:54"]

1. e4 c6 2. Nc3 d5 3. Nf3 dxe4 4. Nxe4 Nf6 5. Qe2 Nxe4 6. Qxe4 Qd5 7. Qh4 Qe6+ 8. Be2 Qg6 9. O-O Qxc2 10. Re1 e6 11. Ne5 Nd7 12. Nc4 Be7 13. Qg3 O-O 14. Bd3 Qa4 15. b3 Qb5 16. Bb2 Qg5 17. Qh3 h6 18. Re3 Bf6 19. Rg3 Qd5 20. Qxh6 Qxd3 21. Rxg7+ Bxg7 22. Qxg7# 1-0


[Site "https://www.chess.com"]

[Event "Titled Tuesday Blitz December 27 Early 2022"]
[White "Poeta, Caio Medeiros"]
[Black "Heinemann, Josefine"]
[WhiteFideId "2142660"]
[BlackFideId "12900460"]
[WhiteElo "2088"]
[BlackElo "2289"]
[Result "1/2-1/2"]
[Round "11"]
[TimeControl "180+2"]
[Date "2022.12.27"]
[WhiteClock "0:00:15"]
[BlackClock "0:01:05"]

1. d4 d5 2. c4 c6 3. Nc3 Nf6 4. Nf3 dxc4 5. a4 Bf5 6. e3 e6 7. Bxc4 Nbd7 8. O-O Bb4 9. Nh4 Bg6 10. Nxg6 hxg6 11. Qe2 Qc7 12. f4 Nb6 13. Bb3 g5 14. e4 g4 15. e5 Nfd5 16. Nxd5 Nxd5 17. Bxd5 cxd5 18. Qxg4 g6 19. Be3 Rc8 20. Qe2 Qd7 21. Rac1 O-O 22. b3 Rxc1 23. Rxc1 Rc8 24. Qd1 Rc6 25. g4 Qc7 26. Kf2 Ba3 27. Rxc6 Qxc6 28. Qd2 a6 29. Kf3 Be7 30. Qc1 Qxc1 31. Bxc1 b5 32. f5 Bb4 33. Kf4 Be7 34. fxe6 fxe6 35. g5 Bb4 36. h4 Kg7 37. Kg4 Kh7 38. h5 Kg7 39. h6+ Kh7 40. Kf3 Be7 41. Ke2 Kg8 42. Kd3 Kh7 43. axb5 axb5 44. Kc3 b4+ 45. Kd3 Bf8 46. Ke3 Be7 47. Kf4 Bf8 48. Kg4 Be7 49. Bb2 Bf8 50. Bc1 Be7 51. Bd2 Bf8 52. Kf4 Be7 53. Kf3 Bf8 54. Ke2 Be7 55. Kd3 Bf8 56. Ke3 Be7 57. Kf4 Bf8 58. Kg4 Be7 59. Be1 Bf8 60. Bh4 Be7 61. Kf4 Bf8 62. Ke3 Be7 63. Kd3 Bf8 64. Kc2 Be7 65. Kb2 Bf8 66. Ka2 Be7 67. Ka1 Bf8 68. Kb1 Be7 69. Kc1 Bf8 70. Kd1 Be7 71. Ke1 Bf8 72. Kf1 Be7 73. Kg2 Bf8 74. Kh3 Be7 75. Kg4 Bf8 76. Be1 Be7 77. Kf3 Bf8 78. Ke2 Be7 79. Kd3 Bf8 80. Bd2 Be7 81. Ke2 Bf8 82. Kf3 Be7 83. Be1 Bf8 84. Kg4 Be7 85. Kf4 Bf8 86. Kg4 1/2-1/2


[Site "https://www.chess.com"]

[Event "Titled Tuesday Blitz December 27 Early 2022"]
[White "Preotu, Razvan"]
[Black "Zubritskiy, Artyom"]
[WhiteFideId "2613280"]
[BlackFideId "4181247"]
[WhiteElo "2475"]
[BlackElo "2442"]
[Result "1-0"]
[Round "11"]
[TimeControl "180+2"]
[Date "2022.12.27"]
[WhiteClock "0:00:09"]
[BlackClock "0:00:04"]

1. e4 c5 2. Nf3 Nf6 3. e5 Nd5 4. Nc3 Nxc3 5. dxc3 Nc6 6. Bf4 e6 7. Qd2 h6 8. h4 Qc7 9. O-O-O b6 10. Qe3 Bb7 11. Nd2 Ne7 12. Nc4 Nd5 13. Qg3 O-O-O 14. Nd6+ Bxd6 15. exd6 Qc6 16. c4 Nxf4 17. Qxf4 f6 18. f3 Kb8 19. h5 Rdg8 20. Bd3 Qc8 21. Bg6 Rf8 22. Rhe1 Qd8 23. Rd3 f5 24. Kb1 Bc6 25. a3 Qg5 26. Qe5 Qxg2 27. Qxg7 Rc8 28. Qe7 Ka8 29. Rc3 Rhd8 30. Qg7 Rh8 31. Ree3 Rcd8 32. Red3 Bb7 33. b4 Bc6 34. b5 Bb7 35. a4 Qg5 36. a5 Kb8 37. axb6 axb6 38. Ra3 Qf4 39. Rdc3 Qd4 40. Qe7 Qe5 41. Kb2 Rhg8 42. Qh7 Kc8 43. Qxh6 Rh8 44. Qd2 Rdg8 45. f4 Qd4 46. Qxd4 cxd4 47. Rd3 Be4 48. Rxd4 Kb7 49. Rd1 Rc8 50. Rda1 Rxc4 51. Ra7+ Kc8 52. Ra8+ Bxa8 53. Rxa8+ Kb7 54. Rxh8 Rxf4 55. h6 Rh4 56. h7 1-0


[Site "https://www.chess.com"]

[Event "Titled Tuesday Blitz December 27 Early 2022"]
[White "Qashashvili, Alexandre"]
[Black "Osiecki, Stanislaw"]
[WhiteFideId "13600842"]
[BlackFideId "1102990"]
[WhiteElo "2505"]
[BlackElo "2055"]
[Result "1-0"]
[Round "11"]
[TimeControl "180+2"]
[Date "2022.12.27"]
[WhiteClock "0:01:07"]
[BlackClock "0:00:01"]

1. e4 e6 2. Nc3 d5 3. exd5 exd5 4. d4 c6 5. Nf3 Bd6 6. Be3 Nf6 7. Bd3 O-O 8. O-O Bg4 9. h3 Bh5 10. Re1 Re8 11. Be2 Ne4 12. Nxe4 dxe4 13. Nd2 Bxe2 14. Qxe2 f5 15. Nc4 Bc7 16. Qd2 Qf6 17. Bf4 Bxf4 18. Qxf4 Nd7 19. Nd6 Rf8 20. Nxb7 Qxd4 21. Rad1 Qe5 22. Qxe5 Nxe5 23. Nc5 Rad8 24. b3 Kf7 25. f4 Ng6 26. g3 h5 27. h4 Ke7 28. Kf2 Rxd1 29. Rxd1 Rg8 30. Rd7+ Kf6 31. Rxa7 Ne7 32. a4 Nd5 33. Nd7+ Ke6 34. Ne5 Nb4 35. Rc7 Kd6 36. Rf7 Nxc2 37. Rxf5 e3+ 38. Kf1 e2+ 39. Kxe2 Nd4+ 40. Ke3 Nxf5+ 41. Kf3 Nd4+ 42. Ke4 Nxb3 43. Kf5 c5 44. Ke4 Ra8 45. a5 Nxa5 46. g4 hxg4 47. Nxg4 c4 48. Kd4 Rc8 49. Kc3 Nb3 50. Ne3 Nc1 51. Kd2 Nd3 52. Nf5+ 1-0


[Site "https://www.chess.com"]

[Event "Titled Tuesday Blitz December 27 Early 2022"]
[White "Quinones Garcia, Santiago"]
[Black "Borrmann, Laurenz"]
[WhiteFideId "4408497"]
[BlackFideId "312187930"]
[WhiteElo "2248"]
[BlackElo "2304"]
[Result "0-1"]
[Round "11"]
[TimeControl "180+2"]
[Date "2022.12.27"]
[WhiteClock "0:00:26"]
[BlackClock "0:00:49"]

1. d4 Nf6 2. c4 e6 3. Nc3 Bb4 4. Qc2 O-O 5. a3 Bxc3+ 6. Qxc3 d5 7. cxd5 Ne4 8. Qc2 exd5 9. Nf3 Bf5 10. Qb3 c5 11. Qxb7 Nd7 12. Qxd5 Bg6 13. e3 Qa5+ 14. b4 Qc7 15. dxc5 Rfd8 16. Qc4 Ne5 17. Nxe5 Qxe5 18. Ra2 Rac8 19. Be2 Nxc5 20. O-O Nd3 21. Qh4 Nxc1 22. f4 Qxe3+ 0-1


[Site "https://www.chess.com"]

[Event "Titled Tuesday Blitz December 27 Early 2022"]
[White "Samunenkov, Ihor"]
[Black "Alex_Sahakyan2006"]
[WhiteFideId "14187086"]
[WhiteElo "2501"]
[BlackElo "2629"]
[Result "0-1"]
[Round "11"]
[TimeControl "180+2"]
[Date "2022.12.27"]
[WhiteClock "0:00:01"]
[BlackClock "0:00:05"]

1. e4 g6 2. d4 Bg7 3. Nc3 a6 4. f4 b5 5. Nf3 Bb7 6. Bd3 d6 7. a4 b4 8. Ne2 c5 9. c3 bxc3 10. bxc3 cxd4 11. cxd4 Nf6 12. Ng3 O-O 13. Rb1 Qd7 14. O-O d5 15. e5 Ne4 16. Qe1 Nxg3 17. hxg3 Bc6 18. f5 Bxa4 19. g4 Bb5 20. Bxb5 axb5 21. Qh4 gxf5 22. Bh6 Ra6 23. Bxg7 Kxg7 24. Ng5 Rh6 25. Qg3 f4 26. Qxf4 e6 27. Nf3 Nc6 28. g5 Rg6 29. Nh4 Ne7 30. Nxg6 Nxg6 31. Qf6+ Kg8 32. Rb3 Qa7 33. Qf2 Rc8 34. Rf3 Rf8 35. Rb1 Qa4 36. Rfb3 Rb8 37. Rb4 Qa5 38. Qb2 Qa8 39. Rxb5 Rxb5 40. Qxb5 Kg7 41. Qb7 Qa4 42. Qb6 Qc2 43. Rf1 Nh4 44. Rf2 Qd1+ 45. Kh2 Qh5 46. Kg1 Qd1+ 47. Rf1 Qe2 48. Rf2 Qe1+ 49. Rf1 Qe3+ 50. Kh1 Qg3 51. Rg1 Nf3 0-1


[Site "https://www.chess.com"]